[Event "Titled Tuesday Blitz May 4 2021"]
[White "serhanberat_ozdemir"]
[Black "Mitra, Roman C"]
[BlackFideId "419540"]
[WhiteElo "2604"]
[BlackElo "2174"]
[Result "1-0"]
[Round "03"]
[TimeControl "180+1"]
[Date "2021.05.04"]
[WhiteClock "0:00:19"]
[BlackClock "0:00:33"]

1. e4 c5 2. Nf3 d6 3. d4 cxd4 4. Nxd4 Nf6 5. Nc3 a6 6. f3 e5 7. Nb3 Be6 8. Be3 Be7 9. Qd2 O-O 10. O-O-O a5 11. Bb5 Nc6 12. Kb1 Ne8 13. h4 Nc7 14. Bb6 Qc8 15. Bxc7 Qxc7 16. g4 Na7 17. a4 Bc4 18. Bxc4 Qxc4 19. Nxa5 Qc8 20. Nd5 Bd8 21. Nb3 Nc6 22. Nc3 Be7 23. g5 Rd8 24. h5 Qe6 25. Nd5 Rxa4 26. Rdg1 Rda8 27. c3 Na5 28. Nxa5 R8xa5 29. g6 fxg6 30. hxg6 h6 31. Kc2 Bf8 32. Qd3 Qe8 33. Nb6 Ra2 34. Qc4+ Kh8 35. Nd5 Rb5 36. Qxa2 Qc6 37. Qa8 1-0


[Site "https://www.chess.com"]

[Event "Titled Tuesday Blitz May 4 2021"]
[White "zmeeed67"]
[Black "Schut, Lisa"]
[BlackFideId "1019481"]
[WhiteElo "2552"]
[BlackElo "2234"]
[Result "0-1"]
[Round "03"]
[TimeControl "180+1"]
[Date "2021.05.04"]
[WhiteClock "0:00:04"]
[BlackClock "0:00:20"]

1. d4 Nf6 2. c4 g6 3. Nc3 d5 4. Bf4 Bg7 5. e3 c5 6. dxc5 Qa5 7. Rc1 dxc4 8. Bxc4 Qxc5 9. Bb3 Qa5 10. Nf3 Nc6 11. O-O O-O 12. h3 Bf5 13. Qe2 Rad8 14. e4 Bc8 15. Nb5 a6 16. Nc3 Nd4 17. Nxd4 Rxd4 18. Be3 Rdd8 19. Rfe1 Bd7 20. Nd5 Nxd5 21. Bxd5 Bb5 22. Qc2 e6 23. b4 Qxb4 24. Bc5 Qa5 25. Bxf8 Bxf8 26. Bxb7 Rd2 27. Qc3 Bb4 28. Qf6 Qb6 29. Rc8+ Bf8 30. Ba8 Bd7 31. Rd8 Rxf2 32. Qxf2 Qxd8 33. Bb7 Qc7 34. Rb1 Bc5 35. Kf1 Bxf2 36. Kxf2 Qc2+ 0-1


[Site "https://www.chess.com"]

[Event "Titled Tuesday Blitz May 4 2021"]
[White "Abdalla, Luiz Guilherme Aurelli"]
[Black "Lehtosaari, Mauri"]
[WhiteFideId "2111080"]
[BlackFideId "501999"]
[WhiteElo "2152"]
[BlackElo "2408"]
[Result "0-1"]
[Round "04"]
[TimeControl "180+1"]
[Date "2021.05.04"]
[WhiteClock "0:00:07"]
[BlackClock "0:00:26"]

1. d4 d5 2. c4 c6 3. Nf3 Nf6 4. e3 Bg4 5. Nc3 e6 6. h3 Bh5 7. g4 Bg6 8. Ne5 Nfd7 9. h4 Nxe5 10. dxe5 h5 11. cxd5 cxd5 12. Bb5+ Nc6 13. g5 Qb6 14. Qa4 Be7 15. Bd2 O-O 16. Qf4 d4 17. exd4 Nxd4 18. Ba4 Qxb2 19. O-O Qxd2 20. Qxd2 Nf3+ 21. Kg2 Nxd2 22. Rfd1 Ne4 23. Nb5 Nc5 24. Bb3 a6 25. Nd6 Nxb3 26. axb3 Rfd8 27. Kf3 Rd7 28. Nc4 Rad8 29. Rxd7 Rxd7 30. Na5 Bb4 31. Ra4 Bxa5 32. Rxa5 Rd3+ 33. Kg2 Rxb3 34. Rc5 Kh7 35. Rc8 a5 36. Rc7 a4 37. Rc8 a3 38. Ra8 b5 0-1


[Site "https://www.chess.com"]

[Event "Titled Tuesday Blitz May 4 2021"]
[White "Aditya Mittal"]
[Black "Yoo, Christopher Woojin"]
[WhiteFideId "35042025"]
[BlackFideId "30909694"]
[WhiteElo "2171"]
[BlackElo "2009"]
[Result "1/2-1/2"]
[Round "04"]
[TimeControl "180+1"]
[Date "2021.05.04"]
[WhiteClock "0:00:10"]
[BlackClock "0:00:04"]

1. d4 Nf6 2. c4 e6 3. Nc3 Bb4 4. f3 Nc6 5. a3 Bxc3+ 6. bxc3 b6 7. e4 Ba6 8. Bd3 Na5 9. e5 Nh5 10. Ne2 Bxc4 11. Bxc4 Nxc4 12. g4 Qh4+ 13. Kf1 f6 14. gxh5 Qxh5 15. Nf4 Qf5 16. Qd3 fxe5 17. Qxf5 exf5 18. Nd5 O-O 19. dxe5 Nxe5 20. Bf4 Nxf3 21. Kf2 Nh4 22. Bxc7 Ng6 23. Rae1 Rac8 24. Bd6 Rfe8 25. a4 Kf7 26. a5 Re6 27. Bg3 bxa5 28. Nf4 Nxf4 29. Bxf4 Rxc3 30. Rxe6 dxe6 31. Ra1 Rc5 32. Be3 Rb5 33. Rc1 Rb7 34. Rc5 a4 35. Ra5 Rb4 36. Rxa7+ Kf6 37. Kf3 h6 38. Bd2 Rb3+ 39. Kf2 a3 40. Bc1 e5 41. Bxa3 f4 42. Bd6 Rd3 43. Bb8 g5 44. Ra5 e4 45. Ra6+ Kf5 46. Rxh6 e3+ 47. Ke2 Rd2+ 48. Ke1 f3 49. Bg3 f2+ 50. Bxf2 Rxf2 51. Rh8 Ke4 52. Rg8 Rg2 53. h4 g4 54. h5 Kf3 55. Rf8+ Kg3 56. h6 Rh2 57. Rf6 Kg2 58. Ke2 Rh3 59. Rg6 Rh4 60. Kxe3 Kg3 61. Ke4 Rh5 62. Rf6 Kh3 63. Kf4 g3 64. Rg6 g2 65. Kf3 Rf5+ 66. Ke4 Rf6 67. Rxf6 g1=Q 68. Ke5 Qg5+ 69. Ke6 Qe3+ 70. Kf7 Qb3+ 71. Kg7 Qg3+ 72. Rg6 Qe5+ 73. Kg8 Qd5+ 74. Kg7 Qd7+ 75. Kg8 Qe8+ 76. Kg7 Qe7+ 77. Kg8 Qd8+ 78. Kg7 Qc7+ 79. Kg8 Qc4+ 80. Kg7 Qd4+ 81. Kg8 Qe4 82. Kg7 Qe5+ 83. Kg8 Qd5+ 84. Kg7 Qd4+ 85. Kg8 Qe4 86. Kg7 Qe5+ 1/2-1/2


[Site "https://www.chess.com"]

[Event "Titled Tuesday Blitz May 4 2021"]
[White "Albuquerque Junior,Wellington S."]
[Black "Sieciechowicz, Marcin"]
[WhiteFideId "2151480"]
[BlackFideId "1130170"]
[WhiteElo "2042"]
[BlackElo "2288"]
[Result "0-1"]
[Round "04"]
[TimeControl "180+1"]
[Date "2021.05.04"]
[WhiteClock "0:00:06"]
[BlackClock "0:00:20"]

1. c4 Nf6 2. g3 d5 3. cxd5 Nxd5 4. Bg2 g6 5. Nc3 Nb6 6. d3 Bg7 7. Be3 Nc6 8. Qd2 Nd4 9. Nf3 O-O 10. h4 h5 11. Nxd4 Bxd4 12. Bxd4 Qxd4 13. e3 Qd8 14. O-O-O c6 15. Bf3 Be6 16. Rdg1 Nd5 17. Kb1 Qa5 18. Bxd5 cxd5 19. Ne4 Qxd2 20. Nxd2 Bf5 21. e4 dxe4 22. dxe4 Be6 23. Rd1 Rad8 24. f3 Rd3 25. Kc2 Rfd8 26. b3 R8d6 27. Rhf1 Kf8 28. Nb1 Rxd1 29. Rxd1 Rxd1 30. Kxd1 Ke8 31. Kd2 Kd7 32. Ke3 Kd6 33. Kd4 Bd7 34. e5+ Ke6 35. Nd2 Bc6 36. Ne4 Kf5 37. Nd2 a6 38. a3 e6 39. b4 Bd5 40. a4 b6 41. a5 bxa5 42. bxa5 g5 43. hxg5 Kxg5 44. Ke3 Kf5 45. f4 Kg4 46. Kf2 h4 47. gxh4 Kxf4 48. h5 Kxe5 49. Ke3 f5 50. h6 f4+ 51. Kd3 Kf6 52. Kd4 Kg6 53. Ke5 f3 54. Kf4 Kxh6 55. Nxf3 Bxf3 56. Kxf3 Kg5 57. Ke4 Kf6 58. Kf4 e5+ 59. Kf3 Ke6 60. Ke4 Kd6 61. Kd3 Kc5 62. Ke4 Kb4 63. Kxe5 Kxa5 64. Kd4 Kb4 65. Kd3 Kb3 66. Kd2 Kb2 67. Kd3 a5 68. Kc4 a4 69. Kb4 a3 0-1


[Site "https://www.chess.com"]

[Event "Titled Tuesday Blitz May 4 2021"]
[White "AldokhinIvan"]
[Black "Kraemer, Martin"]
[BlackFideId "4671910"]
[WhiteElo "2539"]
[BlackElo "2482"]
[Result "0-1"]
[Round "04"]
[TimeControl "180+1"]
[Date "2021.05.04"]
[WhiteClock "0:00:02"]
[BlackClock "0:00:09"]

1. e4 e5 2. Nf3 Nc6 3. Bb5 a6 4. Ba4 d6 5. Bxc6+ bxc6 6. d4 f6 7. Nc3 Ne7 8. Nh4 g6 9. f4 Bg7 10. O-O exf4 11. Bxf4 O-O 12. Nf3 Rb8 13. b3 h6 14. Qd3 g5 15. Bg3 f5 16. Rae1 f4 17. Bf2 a5 18. d5 cxd5 19. Nxd5 Be6 20. Nd4 Bxd4 21. Bxd4 Nxd5 22. exd5 Bf5 23. Qc4 Qd7 24. Bc3 Kh7 25. Qd4 Rbe8 26. Bxa5 Kg6 27. c4 Rxe1 28. Rxe1 Re8 29. h3 Rxe1+ 30. Bxe1 Qe7 31. Kf2 Bb1 32. a4 Bc2 33. Qc3 Qe4 34. Qf3 Qd4+ 35. Kf1 Bd3+ 0-1


[Site "https://www.chess.com"]

[Event "Titled Tuesday Blitz May 4 2021"]
[White "Alfaro, William"]
[Black "Khnykin, Nikolay"]
[WhiteFideId "6100457"]
[BlackFideId "4188853"]
[WhiteElo "2074"]
[BlackElo "2280"]
[Result "1-0"]
[Round "04"]
[TimeControl "180+1"]
[Date "2021.05.04"]
[WhiteClock "0:00:37"]
[BlackClock "0:00:03"]

1. e4 e6 2. d4 d5 3. Nc3 Bb4 4. e5 c5 5. a3 Bxc3+ 6. bxc3 Nc6 7. a4 Nge7 8. Ba3 cxd4 9. cxd4 O-O 10. Nf3 Re8 11. c3 Nf5 12. Bd3 Qa5 13. Qd2 Qxa4 14. g4 Nh6 15. h3 Na5 16. Bb2 Qc6 17. Rxa5 Qb6 18. Ra1 Bd7 19. Ng5 g6 20. O-O Qd8 21. Bc1 f6 22. exf6 Qxf6 23. Nxh7 Qg7 24. Qxh6 Qxh6 25. Bxh6 Kxh7 26. Bg5 a6 27. h4 Rac8 28. Rac1 Kg7 29. Bf4 Rf8 30. Be5+ Kh6 31. Kg2 Rf7 32. Kg3 Rcf8 33. f4 Re8 34. g5+ Kh7 35. h5 Kg8 36. hxg6 Rg7 37. Rh1 Ree7 38. Rh6 1-0


[Site "https://www.chess.com"]

[Event "Titled Tuesday Blitz May 4 2021"]
[White "Aliavdin, Nikolai"]
[Black "Sanal, Vahap"]
[WhiteFideId "13502883"]
[BlackFideId "6300545"]
[WhiteElo "2268"]
[BlackElo "2507"]
[Result "0-1"]
[Round "04"]
[TimeControl "180+1"]
[Date "2021.05.04"]
[WhiteClock "0:00:09"]
[BlackClock "0:00:10"]

1. e4 c5 2. Nf3 Nc6 3. d4 cxd4 4. Nxd4 Nf6 5. Nc3 d6 6. Bg5 e6 7. Qd2 a6 8. O-O-O h6 9. Be3 Bd7 10. f3 Ne5 11. Kb1 Qc7 12. g4 b5 13. a3 Be7 14. h4 Rb8 15. Rg1 Nc4 16. Bxc4 bxc4 17. Ka2 g6 18. g5 hxg5 19. hxg5 Nh5 20. f4 Qb7 21. Rb1 Ng7 22. Nde2 Rh2 23. Qd4 Kf8 24. Qxc4 d5 25. exd5 exd5 26. Qd4 Nf5 27. Qa7 Qc8 28. Rh1 Rxh1 29. Rxh1 Kg8 30. b3 Rb7 31. Qxa6 Nxe3 32. Qd3 Qc5 33. Nd4 Qxa3+ 34. Kb1 Ra7 35. Na4 Bxa4 36. Qxe3 Bb5 37. Qc3 Qa2+ 38. Kc1 Qa1+ 39. Qxa1 Rxa1+ 0-1


[Site "https://www.chess.com"]

[Event "Titled Tuesday Blitz May 4 2021"]
[White "Alice, Mateus Felizardo Viageiro"]
[Black "Hartikainen, Jarmo"]
[WhiteFideId "14800047"]
[BlackFideId "503134"]
[WhiteElo "2189"]
[BlackElo "2059"]
[Result "1-0"]
[Round "04"]
[TimeControl "180+1"]
[Date "2021.05.04"]
[WhiteClock "0:01:29"]
[BlackClock "0:00:08"]

1. e4 c5 2. Nf3 Nc6 3. d4 cxd4 4. Nxd4 Nf6 5. Nc3 d6 6. f3 e6 7. Be3 a6 8. Qd2 Bd7 9. O-O-O Qc7 10. g4 h6 11. Kb1 Rc8 12. h4 b5 13. a3 Na5 14. Be2 Nc4 15. Bxc4 bxc4 16. g5 Nh5 17. gxh6 gxh6 18. Rhg1 Rb8 19. Ka2 Qb7 20. Rb1 Ke7 21. f4 Nf6 22. e5 dxe5 23. fxe5 Nd5 24. Nf5+ Ke8 25. Nd6+ Bxd6 26. exd6 Nxe3 27. Qxe3 Qb6 28. Qxh6 Qd4 29. Rbd1 Qe5 30. Rg5 f6 31. Qxh8+ 1-0


[Site "https://www.chess.com"]

[Event "Titled Tuesday Blitz May 4 2021"]
[White "Almeida Junior, Alvaro Alves de"]
[Black "Baglan, Esat"]
[WhiteFideId "2149974"]
[BlackFideId "6309216"]
[WhiteElo "2097"]
[BlackElo "2107"]
[Result "0-1"]
[Round "04"]
[TimeControl "180+1"]
[Date "2021.05.04"]
[WhiteClock "0:00:05"]
[BlackClock "0:01:08"]

1. e4 c5 2. Nf3 g6 3. d4 cxd4 4. Nxd4 Nc6 5. Be3 Bg7 6. Nc3 Nf6 7. Bc4 O-O 8. Bb3 d5 9. exd5 Na5 10. O-O a6 11. h3 Nxb3 12. Nxb3 b5 13. Qd2 Bb7 14. Rad1 b4 15. Na4 Qxd5 16. Qxd5 Bxd5 17. Nb6 Rad8 18. Nxd5 Nxd5 19. Bd4 e6 20. Bxg7 Kxg7 21. Rd2 Rc8 22. Rfd1 Rc7 23. Nd4 Rfc8 24. g3 a5 25. h4 h5 26. Kg2 a4 27. Kg1 Rc5 28. Kg2 a3 29. bxa3 bxa3 30. Rd3 Nc3 31. Re1 Rc4 32. Ree3 Nd5 33. Rf3 e5 34. Nf5+ gxf5 35. Rxd5 Kf6 36. Rxa3 Rxc2 37. Ra6+ R8c6 38. Rd6+ Rxd6 39. Rxd6+ Kg7 40. Ra6 f6 41. a4 Kg6 42. Ra8 Ra2 43. a5 e4 44. Kf1 f4 45. gxf4 Kf5 46. a6 Kxf4 47. a7 f5 48. Rh8 Rxa7 49. Rxh5 Ra2 50. Rg5 Rc2 51. Rg3 Rc6 52. Kg2 Rh6 53. Kh3 Rh5 54. Ra3 Rh8 55. Rg3 Ke5 56. Rg5 Rf8 57. h5 Kd4 58. Kh4 f4 59. Ra5 e3 60. fxe3+ fxe3 61. Ra4+ Kd3 62. Ra3+ Ke4 63. h6 e2 64. Ra1 Rf1 65. Ra8 Kf5 66. h7 Rh1+ 67. Kg3 e1=Q+ 0-1


[Site "https://www.chess.com"]

[Event "Titled Tuesday Blitz May 4 2021"]
[White "Amorim, Daniel Madson De Medeiro"]
[Black "zmeeed67"]
[WhiteFideId "2124912"]
[WhiteElo "2179"]
[BlackElo "2555"]
[Result "0-1"]
[Round "04"]
[TimeControl "180+1"]
[Date "2021.05.04"]
[WhiteClock "0:00:24"]
[BlackClock "0:00:29"]

1. d4 d5 2. c4 e6 3. Nc3 c6 4. cxd5 exd5 5. Nf3 Nf6 6. Bg5 h6 7. Bh4 Bf5 8. e3 Be7 9. Bd3 Bxd3 10. Qxd3 O-O 11. O-O Nbd7 12. Bg3 Re8 13. Rab1 a5 14. a3 b5 15. Ne5 Nxe5 16. Bxe5 a4 17. Na2 Nd7 18. Nb4 Bxb4 19. axb4 Nxe5 20. dxe5 Rxe5 21. Rfc1 Re6 22. Rc5 Qd7 23. Rbc1 Ra6 24. h3 Re4 25. Qd2 Qe6 26. g3 Rc4 27. R1xc4 bxc4 28. Ra5 Rxa5 29. bxa5 c5 30. Qc2 Qc6 31. Qf5 Qb7 32. Qe5 g6 33. Qe8+ Kg7 34. Qxa4 Qa6 35. Qa3 d4 36. Qxc5 d3 37. b4 Qf6 38. Qxc4 Qa1+ 39. Kg2 d2 0-1


[Site "https://www.chess.com"]

[Event "Titled Tuesday Blitz May 4 2021"]
[White "Angel_Hranitel_37"]
[Black "Shkapenko, Pavel"]
[BlackFideId "4151933"]
[WhiteElo "2528"]
[BlackElo "2683"]
[Result "1-0"]
[Round "04"]
[TimeControl "180+1"]
[Date "2021.05.04"]
[WhiteClock "0:00:36"]
[BlackClock "0:00:24"]

1. d4 Nf6 2. c4 e6 3. Nf3 Bb4+ 4. Bd2 Qe7 5. g3 Nc6 6. Bg2 Bxd2+ 7. Qxd2 Ne4 8. Qc2 Qb4+ 9. Kf1 f5 10. a3 Qe7 11. b4 O-O 12. e3 d6 13. Nc3 Nxc3 14. Qxc3 Nd8 15. Rd1 Nf7 16. Ke2 e5 17. dxe5 dxe5 18. Rhe1 e4 19. Nd4 f4 20. Kd2 f3 21. Bf1 c5 22. Nb3 b6 23. Kc2 Bb7 24. b5 a6 25. Kb2 axb5 26. cxb5 Ra4 27. Bc4 Kh8 28. Bxf7 Qxf7 29. Na1 Rc4 30. Qe5 Ra8 31. Rd2 h6 32. Red1 Rca4 33. Rd7 Qg8 34. Nc2 R4a7 35. R1d6 Kh7 36. Qf5+ Kh8 37. Rxh6+ 1-0


[Site "https://www.chess.com"]

[Event "Titled Tuesday Blitz May 4 2021"]
[White "Aradhya, Garg"]
[Black "Senthil Maran K"]
[WhiteFideId "25006746"]
[BlackFideId "25035681"]
[WhiteElo "2146"]
[BlackElo "2194"]
[Result "1/2-1/2"]
[Round "04"]
[TimeControl "180+1"]
[Date "2021.05.04"]
[WhiteClock "0:00:08"]
[BlackClock "0:00:04"]

1. d4 d5 2. c4 e6 3. Nc3 c6 4. e3 Nf6 5. Nf3 Nbd7 6. Be2 dxc4 7. a4 Bd6 8. O-O O-O 9. Nd2 e5 10. Nxc4 Bc7 11. a5 Qe7 12. b3 Re8 13. Ba3 Qe6 14. Rc1 exd4 15. Qxd4 Ne5 16. Rfd1 Nxc4 17. Bxc4 Qe5 18. Qxe5 Bxe5 19. Ne2 Be6 20. f3 Rad8 21. Bxe6 fxe6 22. Bc5 Bb8 23. e4 Nd7 24. Bd4 e5 25. Be3 Nf8 26. Bg5 Rxd1+ 27. Rxd1 Ne6 28. Bh4 g5 29. Bg3 Rd8 30. Rxd8+ Nxd8 31. Nd4 Kf7 32. Kf2 Ne6 33. Nxe6 Kxe6 34. Ke3 Bd6 35. Be1 Bc5+ 36. Kd3 h5 37. g4 hxg4 38. fxg4 b6 39. h3 b5 40. Bd2 Kf6 41. Be1 a6 42. h4 gxh4 43. Bxh4+ Ke6 44. Bd8 Be7 45. Bc7 c5 46. Ke3 Bd6 47. Bb6 Kf6 48. Kf3 Kg6 49. Bd8 c4 50. bxc4 bxc4 51. Ke2 Bb4 52. Kd1 Bc3 53. Kc2 Bd4 54. Be7 Kf7 55. Bd8 Kg6 56. Be7 Kf7 57. Bh4 Kg6 58. Kd2 Kf7 59. Bg5 Kg6 60. Be3 Kf7 61. Bg5 Kg6 62. Bd8 Kf7 63. Ke2 Kg6 64. Ke1 Kf7 65. Kd1 Kg6 66. Kc2 Kf7 67. Kb1 Kg6 68. Ka2 Bc5 69. Bb6 Bb4 70. Bd8 Bc3 71. Kb1 Kf7 72. Kc2 Bd4 73. g5 Kg6 74. Be7 Be3 75. Bf6 Bxg5 76. Bxe5 Bd8 77. Bc3 Kf7 78. Bb4 Bf6 79. Bd6 Ke6 80. Bg3 Bd8 81. Kc3 Be7 82. Kxc4 Bd8 83. Be1 Bc7 84. Bc3 Bd8 85. Kc5 Be7+ 86. Kc6 Bd8 87. Kb7 Bxa5 88. Bb2 Bb4 89. Kxa6 Bd6 90. Kb5 Be5 91. Bc1 Bf6 92. Kc4 Be5 93. Kd3 Bd6 94. Be3 Be7 95. Ke2 Bf6 96. Kf3 Be5 97. Bg5 Bd6 98. Kg4 Bf8 99. Bd2 Ba3 100. Bc3 Bc1 101. Kh5 Be3 102. Kg6 Bd2 103. Bd4 Be3 104. Bb2 Bc1 105. Bh8 Be3 106. Kh7 Bb6 107. Kg8 Bc7 108. Bc3 Be5 109. Bd2 Bf6 110. Bf4 Be5 111. Be3 Bf6 112. Bf4 Be5 113. Bh6 Bf6 114. Bc1 Be5 115. Kh7 Bf6 116. Bf4 Be5 117. Bd2 Bf6 118. Kg6 Ke5 119. Bc3+ Kxe4 1/2-1/2


[Site "https://www.chess.com"]

[Event "Titled Tuesday Blitz May 4 2021"]
[White "Arkell, Keith C"]
[Black "Devaev, Alexander"]
[WhiteFideId "400270"]
[BlackFideId "4169395"]
[WhiteElo "2398"]
[BlackElo "2185"]
[Result "1-0"]
[Round "04"]
[TimeControl "180+1"]
[Date "2021.05.04"]
[WhiteClock "0:00:17"]
[BlackClock "0:00:01"]

1. d4 Nf6 2. Nf3 e6 3. c4 c5 4. d5 exd5 5. cxd5 d6 6. Nc3 a6 7. a4 g6 8. Nd2 Bg7 9. Nc4 O-O 10. Bf4 Ne8 11. g3 Ra7 12. a5 Qc7 13. Bg2 Nd7 14. O-O b5 15. axb6 Nxb6 16. Na5 Bb7 17. Qd2 Nf6 18. Rfc1 Nfd7 19. Nc6 Raa8 20. b4 Rfe8 21. bxc5 Nxc5 22. Rab1 Nbd7 23. e4 Ne5 24. Na4 Nxa4 25. Nxe5 Qe7 26. Nc6 Qd7 27. Qb4 Nc5 28. Rxc5 dxc5 29. Qxb7 Qg4 30. h3 Qe2 31. d6 Qd3 32. d7 Rf8 33. d8=Q Raxd8 34. Nxd8 Rxd8 35. Rc1 Bd4 36. Qc7 Re8 37. e5 Qe2 38. Rf1 Qa2 39. Qd7 Rf8 40. Bd5 Qe2 41. e6 fxe6 42. Bxe6+ 1-0


[Site "https://www.chess.com"]

[Event "Titled Tuesday Blitz May 4 2021"]
[White "Aslanov, Umid"]
[Black "Priyanka, K"]
[WhiteFideId "13412620"]
[BlackFideId "5082986"]
[WhiteElo "1796"]
[BlackElo "1893"]
[Result "1-0"]
[Round "04"]
[TimeControl "180+1"]
[Date "2021.05.04"]
[WhiteClock "0:00:20"]
[BlackClock "0:00:01"]

1. e4 c5 2. Nf3 d6 3. d4 cxd4 4. Nxd4 Nf6 5. Nc3 a6 6. h3 e5 7. Nde2 h5 8. Be3 Be6 9. Qd2 Nbd7 10. O-O-O b5 11. f3 h4 12. Nd5 Nxd5 13. exd5 Bf5 14. Nc3 Rc8 15. Ne4 Nf6 16. Nxf6+ Qxf6 17. Bd3 Bxd3 18. Qxd3 g6 19. f4 Qf5 20. fxe5 dxe5 21. Qe2 Bd6 22. Rhf1 Qh5 23. Qf2 O-O 24. Qf6 Bc7 25. d6 Bd8 26. Qf3 Qxf3 27. Rxf3 f5 28. d7 Rc7 29. Bb6 Rb7 30. Bc5 Rf7 31. Rfd3 e4 32. Rd6 Kh7 33. R1d5 f4 34. Kd2 f3 35. gxf3 exf3 36. Ke1 Rc7 37. b4 Rb7 38. Kf2 Rb8 39. Re6 Rb7 40. Re8 Rbxd7 41. Rxd8 1-0


[Site "https://www.chess.com"]

[Event "Titled Tuesday Blitz May 4 2021"]
[White "Astafurov, Arseniy"]
[Black "Kalashian, David"]
[WhiteFideId "24175218"]
[BlackFideId "13302418"]
[WhiteElo "2163"]
[BlackElo "2490"]
[Result "0-1"]
[Round "04"]
[TimeControl "180+1"]
[Date "2021.05.04"]
[WhiteClock "0:00:06"]
[BlackClock "0:00:12"]

1. c4 Nf6 2. Nf3 e6 3. g3 d5 4. Bg2 Be7 5. O-O O-O 6. d4 dxc4 7. Qc2 a6 8. a4 Bd7 9. Qxc4 Bc6 10. Bf4 a5 11. Nc3 Na6 12. Qd3 Nb4 13. Qb1 Ra6 14. Rd1 Rb6 15. e4 h6 16. Ne5 Na6 17. d5 exd5 18. exd5 Bd7 19. Be3 Rb4 20. Nd3 Bg4 21. Re1 Bf5 22. Qd1 Bxd3 23. Qxd3 Rxb2 24. Nb5 Nb4 25. Qc4 Rc2 26. Qb3 Nfxd5 27. Bd4 c6 28. Na3 Rd2 29. Rad1 Rxd1 30. Rxd1 Bf6 31. Bc5 Re8 32. Nc4 Qc7 33. Nd6 Rd8 34. Ne4 Be7 35. Bd4 Bf8 36. h3 Ne7 37. Kh2 Nf5 38. Ba1 Rxd1 39. Qxd1 Nd6 40. Nc5 b6 41. Nb3 c5 42. Nd2 Qe7 43. Nf3 Ne4 44. Qe2 Nf6 45. Qb5 Nfd5 46. Ne5 Qe6 47. Nc6 Qe1 48. Be5 Qxf2 49. Qc4 Qxg2+ 50. Kxg2 Ne3+ 51. Kf3 Nxc4 52. Bc7 Nd5 53. Bd8 Nc3 54. g4 Nxa4 55. h4 Nc3 56. g5 hxg5 57. hxg5 a4 0-1


[Site "https://www.chess.com"]

[Event "Titled Tuesday Blitz May 4 2021"]
[White "AwareIdea"]
[Black "Rojas Alarcon, Julian Antonio"]
[BlackFideId "5107407"]
[WhiteElo "2538"]
[BlackElo "2333"]
[Result "1-0"]
[Round "04"]
[TimeControl "180+1"]
[Date "2021.05.04"]
[WhiteClock "0:00:09"]
[BlackClock "0:00:13"]

1. d4 Nf6 2. c4 e6 3. g3 d5 4. Bg2 dxc4 5. Nf3 a6 6. Ne5 c5 7. e3 Ra7 8. O-O b5 9. a4 cxd4 10. axb5 Be7 11. exd4 O-O 12. Nc3 Bb7 13. Nxc4 Bxg2 14. Kxg2 Rd7 15. bxa6 Nc6 16. Be3 Qc7 17. Nb5 Qb8 18. Qa4 Nd5 19. a7 Qa8 20. Kg1 h5 21. Ne5 Nxe5 22. dxe5 Nxe3 23. fxe3 h4 24. Nd6 Rc7 25. gxh4 Rd8 26. Qe4 Rxa7 27. Qxa8 Rdxa8 28. Rxa7 Rxa7 29. Nxf7 Bxh4 30. Nd6 Ra5 31. Nc4 Rc5 32. Rf4 Be7 33. Re4 Rb5 34. Kf1 Kf7 35. Ke2 Kg6 36. Kd3 Bg5 37. h4 Bh6 38. Rg4+ Kh7 39. Rd4 Kg6 40. Rd7 Rb3+ 41. Kd4 Rb5 42. Re7 Kh5 43. Rxe6 Kxh4 44. Rg6 Rb4 45. e6 Kh5 46. Rg2 Rb7 47. Kd5 Bg5 48. e4 Be7 49. e5 Rb5+ 50. Kd4 Rb4 51. Rf2 g5 52. Rf7 Bd8 53. e7 Bxe7 54. Rxe7 g4 55. Rg7 Kh4 56. e6 g3 57. e7 Rb8 58. Kd5 Kh3 59. Ke6 g2 60. Kf7 Rb7 61. Rxg2 Kxg2 62. Kf8 Rb8+ 63. e8=Q Rxe8+ 64. Kxe8 1-0


[Site "https://www.chess.com"]

[Event "Titled Tuesday Blitz May 4 2021"]
[White "Bashirli, Saadat"]
[Black "Sargissyan, Sargis"]
[WhiteFideId "13429990"]
[BlackFideId "13303210"]
[WhiteElo "1153"]
[BlackElo "2174"]
[Result "0-1"]
[Round "04"]
[TimeControl "180+1"]
[Date "2021.05.04"]
[WhiteClock "0:00:02"]
[BlackClock "0:00:03"]

1. d4 Nf6 2. Bg5 d5 3. Nd2 e6 4. Ngf3 Be7 5. c3 O-O 6. e3 b6 7. Bd3 h6 8. Bxf6 Bxf6 9. O-O Bb7 10. Re1 c5 11. Bc2 Nd7 12. b3 e5 13. dxe5 Nxe5 14. Nxe5 Bxe5 15. Rc1 Bxc3 16. Bh7+ Kxh7 17. Rxc3 Qg5 18. Nf3 Qf6 19. Rc1 Rad8 20. Qd3+ Kg8 21. Red1 Rfe8 22. Re1 d4 23. e4 Qf4 24. Nd2 Re7 25. f3 Rde8 26. Nc4 Ba6 27. a4 Bxc4 28. Rxc4 f5 29. g3 Qg5 30. e5 f4 31. Kg2 Rxe5 32. Rxe5 Qxe5 33. Rc2 fxg3 34. hxg3 Qe3 35. Qc4+ Kh8 36. Rf2 d3 37. Qc3 Rd8 38. Rd2 Rf8 39. Rf2 Qd4 40. Qd2 Rd8 41. g4 Qb4 42. Qd1 c4 43. bxc4 Qxc4 44. Rf1 Qc2+ 45. Qxc2 dxc2 46. Rc1 Rd2+ 47. Kg3 a6 48. f4 b5 49. axb5 axb5 50. g5 b4 51. g6 Kg8 52. Ra1 Kf8 53. Ra8+ Ke7 54. Ra7+ Kf6 55. Ra6+ Kf5 56. Ra5+ Ke4 57. Re5+ Kd4 58. Rd5+ Kxd5 59. f5 c1=Q 0-1


[Site "https://www.chess.com"]

[Event "Titled Tuesday Blitz May 4 2021"]
[White "Batchimeg, Tuvshintugs"]
[Black "Fajdetic, Hrvoje"]
[WhiteFideId "4900839"]
[BlackFideId "14501945"]
[WhiteElo "2295"]
[BlackElo "2153"]
[Result "0-1"]
[Round "04"]
[TimeControl "180+1"]
[Date "2021.05.04"]
[WhiteClock "0:00:02"]
[BlackClock "0:00:04"]

1. d4 e6 2. c4 f5 3. Nc3 Nf6 4. g3 Bb4 5. Bg2 O-O 6. a3 Bxc3+ 7. bxc3 d6 8. Qb3 Nc6 9. Nf3 Ne4 10. O-O Na5 11. Qa2 b6 12. Ng5 Nxg5 13. Bxa8 c6 14. Bxg5 Qxg5 15. c5 Bd7 16. cxd6 Rxa8 17. Rfe1 f4 18. e4 f3 19. Qc2 c5 20. Qd3 cxd4 21. Qxf3 Nb3 22. Rad1 dxc3 23. Qxc3 Nc5 24. f4 Qg4 25. Qe3 Rf8 26. e5 Bc6 27. Qf2 Qh3 28. Rd4 Nd7 29. Rc1 Bd5 30. Rxd5 exd5 31. Rc7 Nc5 32. Qd4 Qe6 0-1


[Site "https://www.chess.com"]

[Event "Titled Tuesday Blitz May 4 2021"]
[White "Belanoff, Ted"]
[Black "Stromboli, Ettore"]
[WhiteFideId "2070588"]
[BlackFideId "813761"]
[WhiteElo "2173"]
[BlackElo "2414"]
[Result "0-1"]
[Round "04"]
[TimeControl "180+1"]
[Date "2021.05.04"]
[WhiteClock "0:00:07"]
[BlackClock "0:00:19"]

1. d4 Nf6 2. c4 e6 3. Nc3 Bb4 4. Bd2 c5 5. Nf3 O-O 6. a3 cxd4 7. axb4 dxc3 8. Bxc3 Ne4 9. Qd3 Nxc3 10. bxc3 b6 11. h4 Bb7 12. e3 Nc6 13. Nd4 Ne5 14. Qe2 f5 15. Rd1 Qe7 16. Nb5 a6 17. Nd6 Bc6 18. Rh3 a5 19. b5 Bd5 20. cxd5 Qxd6 21. Qa2 Qc5 22. c4 f4 23. e4 f3 24. Rg3 Rf4 25. Qb3 Rxe4+ 26. Kd2 Qxf2+ 27. Kc1 Qxg3 28. gxf3 Qf4+ 29. Kb2 Re3 30. Qc2 Nxf3 31. Bd3 Qf6+ 32. Ka2 Ne1 33. Bxh7+ Kh8 34. Qg6 Qxg6 35. Bxg6 Rf8 36. dxe6 dxe6 37. c5 bxc5 38. b6 c4 39. b7 Nd3 40. Rf1 Nb4+ 41. Kb2 Rb3+ 42. Kc1 Rxf1+ 43. Kd2 Nd5 44. Ke2 Rf6 45. Be4 Nc3+ 46. Kd2 Nxe4+ 47. Kc2 Rf2+ 48. Kc1 Nc3 49. b8=Q+ Rxb8 50. h5 Rb1# 0-1


[Site "https://www.chess.com"]

[Event "Titled Tuesday Blitz May 4 2021"]
[White "Bellahcene, Bilel"]
[Black "Dimic, Pavle"]
[WhiteFideId "696358"]
[BlackFideId "937428"]
[WhiteElo "2493"]
[BlackElo "2216"]
[Result "1-0"]
[Round "04"]
[TimeControl "180+1"]
[Date "2021.05.04"]
[WhiteClock "0:01:36"]
[BlackClock "0:01:46"]

1. e4 c5 2. Nf3 Nc6 3. b4 cxb4 4. d4 d5 5. exd5 Qxd5 6. c4 bxc3 7. Nxc3 Qa5 8. d5 Ne5 9. Bd2 Nxf3+ 10. Qxf3 a6 11. Rc1 Qd8 12. Bb5+ Bd7 13. Bxd7+ Qxd7 14. O-O Nf6 15. Rfe1 g6 16. Qxf6 1-0


[Site "https://www.chess.com"]